 Dungeon Crawl Stone Soup version 0.18.1-47-g9310371 (webtiles) character file.

7172 vonhedlund the Fighter (level 10, -3/101 HPs)
             Began as a Minotaur Gladiator on June 13, 2016.
             Was an Elder of Okawaru.
             Slain by a hill giant
             ... wielding a +0 giant spiked club
              (17 damage)
             ... on level 10 of the Dungeon on June 14, 2016.
             The game lasted 01:08:19 (9232 turns).

vonhedlund the Fighter (Minotaur Gladiator)         Turns: 9232, Time: 01:08:19

Health: -3/101     AC: 24    Str: 22    XL:     10   Next: 86%
Magic:  9/9        EV: 10    Int:  8    God:    Okawaru [****..]
Gold:   466        SH:  0    Dex: 12    Spells: 0 memorised, 9 levels left

rFire  . . .     SeeInvis .     a - +11 short sword "Ogrebane" {pain, Int+3}
rCold  . . .     Gourm    .     F - +0 shadow dragon armour
rNeg   . . .     Faith    .     (no shield)
rPois  .         Spirit   .     c - +1 hat
rElec  .         Dismiss  .     e - +2 cloak
rCorr  .         Reflect  .     B - +2 pair of gloves {archery}
SustAt .         Harm     .     H - +0 pair of boots
MR     .....                    (no amulet)
Stlth  ++++......               (no ring)
                                (no ring)

@: not resistant to hostile enchantments, stealthy
A: retaliatory headbutt, horns 2
a: Heroism, Renounce Religion


You were on level 10 of the Dungeon.
You worshipped Okawaru.
Okawaru was greatly pleased with you.
You were not hungry.

You visited 3 branches of the dungeon, and saw 12 of its levels.

You collected 601 gold pieces.
You spent 135 gold pieces at shops.

Inventory:

Hand Weapons
 a - the +11 short sword "Ogrebane" (weapon) {pain, Int+3}
   (You found it on level 5 of the Dungeon)

   In the hands of one skilled in necromantic magic, it inflicts extra damage on
   living creatures.
   It affects your intelligence (+3).
 b - a +0 shortbow
 J - a +0 war axe
 M - a cursed +0 triple sword
Missiles
 d - 3 throwing nets
 A - 154 arrows
 E - 7 poisoned needles
 Q - 4 tomahawks of returning
 V - 5 tomahawks (quivered)
Armour
 c - a +1 hat (worn)
 e - a +2 cloak (worn)
 B - a +2 pair of gloves of archery (worn)
 F - a +0 shadow dragon armour (worn)
 H - a +0 pair of boots (worn)
 R - a +1 chain mail of fire resistance
Jewellery
 v - a cursed -2 ring of strength {unknown}
 z - an uncursed ring of protection from magic {unknown}
 C - a cursed -5 ring of evasion {unknown}
 Y - an uncursed ring of protection from magic {unknown}
Wands
 g - a wand of flame (29/48)
 p - a wand of flame (31/48)
 y - a wand of lightning (11/15)
 T - a wand of iceblast (4/15)
 X - a wand of iceblast (11/15)
Scrolls
 i - 4 scrolls of enchant armour
 k - 2 scrolls of recharging {unknown}
 m - 6 scrolls of remove curse
 q - 4 scrolls of identify
 s - a scroll of immolation {unknown}
 t - 2 scrolls of fear
 u - 2 scrolls of fog {unknown}
 w - 4 scrolls of random uselessness {unknown}
 G - 2 scrolls of teleportation {unknown}
 I - 3 scrolls of blinking
 K - 2 scrolls of magic mapping {unknown}
 Z - 3 scrolls of enchant weapon {unknown}
Potions
 h - 2 potions of resistance {unknown}
 j - a potion of cure mutation {unknown}
 l - 7 potions of curing {unknown}
 o - 3 potions of might {unknown}
 r - 2 potions of lignification {unknown}
 x - 2 potions of degeneration {unknown}
 D - 2 potions of cancellation
 O - 2 potions of magic {unknown}
 P - 2 potions of brilliance {unknown}
 U - a potion of agility {unknown}
 W - a potion of heal wounds {unknown}
Comestibles
 f - 9 bread rations
 n - 8 meat rations
 L - 3 beef jerkies
 N - 13 chunks of flesh


   Skills:
 + Level 13.0 Fighting
 - Level 5.4 Axes
 - Level 2.1 Throwing
 - Level 11.3 Armour
 - Level 3.4 Dodging
 - Level 6.4 Stealth


You had 9 spell levels left.
You didn't know any spells.

Dungeon Overview and Level Annotations

Branches:
Dungeon (10/15)            Temple (1/1) D:6             Orc (1/2) D:9
   Lair: D:8-11

Altars:
Ashenzari
Dithmenos
Gozag
Kikubaaqudgha
Makhleb
Okawaru
Qazlal
Ru
Sif Muna
Vehumet
Yredelemnul
The Shining One

Shops:
D:6 (   D:8 *

Annotations:
D:4 barakagiga's ghost, amateur TrAM
D:8 Metae's ghost, novice TrFi


Innate Abilities, Weirdness & Mutations

You reflexively headbutt those who attack you in melee.
You have a pair of horns on your head.


Message History

The hill giant is heavily wounded.
You hit the hill giant. You headbutt the hill giant!
The hill giant is severely wounded.
The hill giant completely misses you.
You hit the hill giant.
The hill giant is severely wounded.
The hill giant hits you with a giant spiked club!
You hit the hill giant. You headbutt the hill giant!
The hill giant is almost dead.
The hill giant closely misses you.
You hit the hill giant.
The hill giant is almost dead.
The hill giant hits you with a giant spiked club!!
* * * LOW HITPOINT WARNING * * *
You hit the hill giant but do no damage.
The hill giant is almost dead.
Your shadow dragon armour prevents you from hitting the hill giant.
The hill giant is almost dead.
The hill giant hits you with a giant spiked club!
You die...

#.# #.# #.# ###'##
.....# .....#
.....#
.....##############
.....'.......(.C@<#
.....##############
###### #


You could see a hill giant.

Vanquished Creatures
  An unseen horror (D:10)
  3 hill giants
  2 trolls
  A two-headed ogre (D:8)
  A wraith (D:9)
  A hippogriff (D:10)
  The ghost of Britaniac the Cudgeler, an amateur GrFi of Okawaru (D:3)
  Duvessa (D:6)
  5 orc warriors
  A necrophage (D:9)
  2 ice beasts
  2 sky beasts
  5 ogres
  4 centaurs
  4 giant frogs
  Dowan (D:6)
  5 scorpions
  An electric eel (D:9)
  4 wights (D:7)
  A howler monkey (D:10)
  5 crimson imps
  6 orc priests
  6 hounds
  3 jellies (D:5)
  3 giant frog skeletons
  3 centaur skeletons
  13 orc wizards
  An iguana (D:4)
  7 worker ants
  2 killer bee zombies
  2 hound zombies
  Robin (D:2)
  A howler monkey zombie (D:10)
  2 worker ant zombies
  A howler monkey skeleton (D:7)
  3 gnolls (D:4)
  9 adders
  A shadow imp (D:5)
  2 oozes (D:2)
  An adder skeleton (D:10)
  An adder zombie (D:9)
  4 worms
  A dart slug (D:1)
  7 giant geckos
  30 orcs
  A ball python (D:2)
  3 giant cockroaches
  2 gnoll zombies (D:6)
  16 goblins
  11 hobgoblins
  14 jackals
  A quokka (D:7)
  5 bats
  9 giant newts
  5 kobolds
  A quokka skeleton (D:4)
  6 rats
235 creatures vanquished.

Notes
Turn   | Place    | Note
--------------------------------------------------------------
     0 | D:1      | vonhedlund the Minotaur Gladiator began the quest for the Orb.
     0 | D:1      | Reached XP level 1. HP: 18/18 MP: 0/0
   180 | D:1      | Reached XP level 2. HP: 25/25 MP: 1/1
   209 | D:1      | Reached skill level 3 in Fighting
   552 | D:2      | Reached skill level 4 in Fighting
   552 | D:2      | Reached XP level 3. HP: 33/33 MP: 2/2
   816 | D:2      | Found a stormy altar of Qazlal.
   999 | D:2      | Reached skill level 5 in Fighting
   999 | D:2      | Reached XP level 4. HP: 18/42 MP: 3/3
  1169 | D:3      | Noticed Robin
  1181 | D:2      | Killed Robin
  1387 | D:3      | Noticed Britaniac's ghost (amateur GrFi)
  1717 | D:4      | Reached XP level 5. HP: 44/48 MP: 4/4
  1746 | D:4      | Reached skill level 5 in Axes
  1935 | D:3      | Found a shadowy altar of Dithmenos.
  2220 | D:4      | Noticed an ogre
  2240 | D:5      | Entered Level 5 of the Dungeon
  2289 | D:5      | Reached XP level 6. HP: 25/56 MP: 5/5
  2991 | D:4      | Reached skill level 5 in Armour
  3042 | D:4      | Noticed barakagiga's ghost (amateur TrAM)
  3089 | D:3      | Reached XP level 7. HP: 36/61 MP: 6/6
  3447 | D:5      | Got a slimy short sword
  3470 | D:5      | Identified the +11 short sword "Ogrebane" {pain, Int+3} (You found it on level 5 of the Dungeon)
  3554 | D:5      | Reached skill level 6 in Fighting
  3720 | D:6      | Reached skill level 7 in Fighting
  3762 | D:6      | Reached skill level 8 in Fighting
  3836 | D:6      | Noticed Duvessa
  3837 | D:6      | Noticed Dowan
  3856 | D:6      | Killed Duvessa
  3856 | D:6      | Reached XP level 8. HP: 75/77 MP: 7/7
  3860 | D:6      | Killed Dowan
  3860 | D:6      | Reached skill level 9 in Fighting
  3933 | D:6      | Found a basalt altar of Yredelemnul.
  4051 | D:6      | Found Lacuocol's Antique Weapon Shop.
  4185 | D:6      | Reached skill level 10 in Fighting
  4569 | D:6      | Found a staircase to the Ecumenical Temple.
  4582 | Temple   | Entered the Ecumenical Temple
  4590 | Temple   | Became a worshipper of Warmaster Okawaru
  4757 | D:7      | Found a radiant altar of Vehumet.
  4855 | D:7      | Reached skill level 11 in Fighting
  4888 | D:7      | Identified the Disquisition on Hurtful Enchantment
  4961 | D:7      | Found an ancient bone altar of Kikubaaqudgha.
  5046 | D:7      | Found an opulent altar of Gozag.
  5066 | D:7      | Reached * piety under Okawaru
  5069 | D:7      | Reached XP level 9. HP: 68/90 MP: 8/8
  5099 | D:7      | Reached skill level 12 in Fighting
  5885 | D:3      | Killed Britaniac's ghost
  6185 | D:8      | Reached ** piety under Okawaru
  6220 | D:8      | Reached skill level 10 in Armour
  6280 | D:8      | Noticed Metae's ghost (novice TrFi)
  6535 | D:8      | Found Daub's Assorted Antiques.
  6555 | D:8      | Bought a warped steel ring for 135 gold pieces
  6560 | D:8      | Identified the ring "Lamom" {*Drain rN+ Int+4} (You bought it in a shop on level 8 of the Dungeon)
  6982 | D:10     | Entered Level 10 of the Dungeon
  7111 | D:10     | Noticed a hill giant
  7272 | D:10     | Noticed a hill giant
  7280 | D:10     | Killed a hill giant
  7280 | D:10     | Reached *** piety under Okawaru
  7280 | D:10     | Reached XP level 10. HP: 96/97 MP: 9/9
  7318 | D:10     | Killed a hill giant
  7552 | D:10     | Noticed a hill giant
  8179 | D:10     | Noticed a hill giant
  8285 | D:9      | Found a staircase to the Orcish Mines.
  8389 | D:9      | Reached skill level 5 in Stealth
  8518 | D:9      | Noticed a hill giant
  8528 | D:9      | Killed a hill giant
  8529 | D:9      | Noticed a tengu warrior
  8633 | D:8      | Reached **** piety under Okawaru
  8799 | D:7      | Found a deep blue altar of Sif Muna.
  9056 | Orc:1    | Entered Level 1 of the Orcish Mines
  9084 | Orc:1    | Received a gift from Okawaru
  9221 | D:10     | Killed an unseen horror
  9221 | D:10     | Reached skill level 13 in Fighting
  9232 | D:10     | Slain by a hill giant

Skill      XL: |  1  2  3  4  5  6  7  8  9 10 |
---------------+-------------------------------+-----
Fighting       | 4 5 8 11 12 13 | 13.0
Axes           | 4 5 |  5.4
Armour         | 2 5 11 | 11.3
Stealth        | 6 |  6.4
Throwing       | |  2.1
Dodging        | |  3.4

Action                   |  1- 3 |  4- 6 |  7- 9 | 10-12 || total
-------------------------+-------+-------+-------+-------++-------
Melee: War axe           |    82 |   114 |    21 |       ||   217
       Headbutt          |    13 |    16 |    40 |    25 ||    94
       Short sword       |       |       |   255 |   142 ||   397
 Fire: Shortbow          |       |       |       |    15 ||    15
  Use: Scroll            |       |     2 |     5 |     1 ||     8
       Potion            |       |     1 |       |       ||     1
 Stab: Sleeping          |       |       |     2 |     4 ||     6
  Eat: Chunk             |       |     6 |    10 |     6 ||    22
       Beef jerky        |       |     1 |     1 |       ||     2
       Pizza             |       |       |     1 |       ||     1
Armor: Chain mail        |     4 |       |       |       ||     4
       Leather armour    |    20 |    42 |    69 |       ||   131
       Shadow dragon arm |       |       |    33 |   155 ||   188
Dodge: Dodged            |    54 |    67 |   129 |    83 ||   333
